 Dungeon Crawl Stone Soup version 0.21.1-1-g345015fe64 (webtiles) character file.

139359 Ikesh the Eclecticist (level 16, -5/103 HPs)
             Began as a Mummy Necromancer on Feb 10, 2018.
             Was a High Priest of Ashenzari.
             Slain by a merfolk
             ... wielding a +0 glaive
              (10 damage)
             ... on level 2 of the Shoals.
             The game lasted 04:43:35 (41653 turns).

Ikesh the Eclecticist (Mummy Necromancer)          Turns: 41653, Time: 04:43:36

Health: -5/103     AC: 14    Str: 13    XL:     16   Next: 43%
Magic:  1/39       EV: 13    Int: 29    God:    Ashenzari [*****.]
Gold:   1366       SH:  5    Dex: 12    Spells: 3/53 levels left

rFire    + + .     SeeInvis +   F - +9 short sword of the Badger {elec, *Drain rF+ Int+5}
rCold    x . .     Gourm    .   G - +0 buckler
rNeg     + + +     Faith    .   A - +2 robe {MR+}
rPois    ∞         Spirit   .   P - +2 hat
rElec    .         Reflect  +   D - +1 cloak
rCorr    .         Harm     .   o - +2 pair of gloves (curse)
MR       +++..     Clarity  +   N - +2 pair of boots {run} (curse)
Stlth    +.........             h - +2 amulet of reflection (curse)
HPRegen  0.27/turn              J - ring of wizardry (curse)
MPRegen  0.26/turn              j - +4 ring of intelligence (curse)

@: immune to fire clouds, death channel, very slow
A: no food or potions, fire vulnerability, cold resistance 1, negative energy
resistance 3, torment resistance, unbreathing, in touch with death 1
}: 1/15 runes: serpentine
a: Curse Item, Scrying, Transfer Knowledge, Renounce Religion


You were on level 2 of the Shoals.
You worshipped Ashenzari.
Ashenzari was extremely pleased with you.
You were not hungry.

You visited 5 branches of the dungeon, and saw 24 of its levels.
You also visited: Sewer.

You collected 1366 gold pieces.

Inventory:

Hand Weapons
 F - the +9 short sword of the Badger (weapon) {elec, *Drain rF+ Int+5}
   (You found it on level 3 of the Snake Pit)

   Occasionally, upon striking a foe, it will discharge some electrical energy
   and cause terrible harm.
   It affects your intelligence (+5).
   It protects you from fire.
   It causes draining when unequipped.
 U - the +1 rapier of Checks and Balances {flame, rC- Dex+8}
   (You found it on level 3 of the Snake Pit)

   It has been specially enchanted to burn those struck by it, causing extra
   injury to most foes and up to half again as much damage against particularly
   susceptible opponents.
   It affects your dexterity (+8).
   It makes you vulnerable to cold.
Missiles
 d - 589 stones (quivered)
 l - 8 curare-tipped needles
Armour
 o - a cursed +2 pair of gloves (worn)
 p - +0 swamp dragon scales
 A - a +2 robe of magic resistance (worn)
 D - a +1 cloak (worn)
 G - a +0 buckler (worn)
 N - a cursed +2 pair of boots of running (worn)
 P - a +2 hat (worn)
Magical Staves
 k - an uncursed staff of cold
Jewellery
 a - an uncursed ring of ice
 f - an uncursed ring of protection from fire
 g - the ring "Xoyt" {+Fly rPois}
   (You found it on level 6 of the Lair of Beasts)

   [ring of flight]

   It protects you from poison.
   It lets you fly.
 h - a cursed +2 amulet of reflection (around neck)
 j - a cursed +4 ring of intelligence (right hand)
 J - a cursed ring of wizardry (left hand)
 M - an uncursed ring of protection from magic
Wands
 m - a wand of digging (25)
 n - a wand of flame (1)
 u - a wand of paralysis (38)
 v - a wand of scattershot (3)
 x - a wand of disintegration (24)
 y - a wand of random effects (68)
 I - a wand of acid (23)
 K - a wand of polymorph (33)
 L - a wand of enslavement (10)
Scrolls
 c - 17 scrolls of identify
 e - 6 scrolls of amnesia
 i - 5 scrolls of teleportation
 q - a scroll of silence {unknown}
 t - 4 scrolls of enchant weapon
 B - 4 scrolls of magic mapping
 C - a scroll of fog
 O - 3 scrolls of fear
Books
 b - a book of Necromancy

   Spells                             Type                      Level
   a - Pain                           Necromancy                   1
   b - Animate Skeleton               Necromancy                   1
   c - Vampiric Draining              Necromancy                   3
   d - Regeneration                   Charms/Necromancy            3
   e - Animate Dead                   Necromancy                   4
   f - Borgnjor's Vile Clutch         Necromancy/Earth             5
 r - a book of Battle

   Spells                             Type                      Level
   a - Infusion                       Charms                       1
   b - Shroud of Golubria             Charms/Translocation         2
   c - Song of Slaying                Charms                       2
   d - Spectral Weapon                Hexes/Charms                 3
   e - Regeneration                   Charms/Necromancy            3
 s - a book of the Earth

   Spells                             Type                      Level
   a - Leda's Liquefaction            Hexes/Earth                  4
   b - Bolt of Magma                  Conjuration/Fire/Earth       5
   c - Statue Form                    Transmutation/Earth          6
   d - Iron Shot                      Conjuration/Earth            6
   e - Shatter                        Earth                        9
 w - a book of Flames

   Spells                             Type                      Level
   a - Flame Tongue                   Conjuration/Fire             1
   b - Throw Flame                    Conjuration/Fire             2
   c - Conjure Flame                  Conjuration/Fire             3
   d - Inner Flame                    Hexes/Fire                   3
   e - Sticky Flame                   Conjuration/Fire             4
   f - Fireball                       Conjuration/Fire             5
 z - a book of Unlife

   Spells                             Type                      Level
   a - Recall                         Summoning/Translocation      3
   b - Animate Dead                   Necromancy                   4
   c - Borgnjor's Vile Clutch         Necromancy/Earth             5
   d - Death Channel                  Necromancy                   6
   e - Simulacrum                     Ice/Necromancy               6
 H - a book of Spatial Translocations

   Spells                             Type                      Level
   a - Blink                          Translocation                2
   b - Shroud of Golubria             Charms/Translocation         2
   c - Lesser Beckoning               Translocation                3
   d - Gell's Gravitas                Translocation                3
   e - Teleport Other                 Translocation                3
   f - Passage of Golubria            Translocation                4
 Q - a book of Debilitation

   Spells                             Type                      Level
   a - Corona                         Hexes                        1
   b - Slow                           Hexes                        2
   c - Inner Flame                    Hexes/Fire                   3
   d - Portal Projectile              Hexes/Translocation          3
   e - Cause Fear                     Hexes                        4
   f - Leda's Liquefaction            Hexes/Earth                  4
 R - a book of Beasts

   Spells                             Type                      Level
   a - Summon Butterflies             Summoning                    1
   b - Call Canine Familiar           Summoning                    3
   c - Summon Ice Beast               Ice/Summoning                4
   d - Summon Mana Viper              Hexes/Summoning              5
   e - Summon Hydra                   Summoning                    7
 T - a book of Clouds

   Spells                             Type                      Level
   a - Poisonous Vapours              Poison/Air                   2
   b - Mephitic Cloud                 Conjuration/Poison/Air       3
   c - Conjure Flame                  Conjuration/Fire             3
   d - Freezing Cloud                 Conjuration/Ice/Air          6
   e - Ring of Flames                 Charms/Fire                  7


   Skills:
 + Level 2.9 Fighting
 + Level 4.4 Dodging
 + Level 3.8 Stealth
 + Level 1.0 Shields
 + Level 19.4 Spellcasting
 + Level 3.3(6.9) Conjurations
 + Level 3.8(7.5) Charms
 + Level 2.5(5.7) Summonings
 + Level 15.3(18.8) Necromancy
 + Level 3.7(7.4) Translocations
 * Level 10.2(14.0) Fire Magic
 + Level 2.3(5.4) Ice Magic
 + Level 8.2(12.1) Earth Magic
 + Level 1.6(4.3) Evocations


You had 3 spell levels left.
You knew the following spells:

 Your Spells              Type           Power        Failure   Level  Hunger
a - Summon Mana Viper     Hex/Summ       #####...     6%          5    N/A
b - Animate Skeleton      Necr           N/A          0%          1    N/A
c - Vampiric Draining     Necr           ########..   0%          3    N/A
d - Borgnjor's Vile Clut  Necr/Erth      ########..   1%          5    N/A
e - Death Channel         Necr           ########..   1%          6    N/A
f - Conjure Flame         Conj/Fire      #######.     1%          3    N/A
g - Fireball              Conj/Fire      #######...   1%          5    N/A
h - Blink                 Tloc           N/A          1%          2    N/A
i - Shroud of Golubria    Chrm/Tloc      ######....   1%          2    N/A
j - Cause Fear            Hex            ####......   6%          4    N/A
k - Summon Ice Beast      Ice/Summ       ######..     1%          4    N/A
l - Mephitic Cloud        Conj/Pois/Air  #####...     1%          3    N/A
m - Ring of Flames        Chrm/Fire      #######...   9%          7    N/A

Dungeon Overview and Level Annotations

Branches:
Dungeon (11/15)            Temple (1/1) D:4            Lair (6/6) D:11
 Shoals (2/4) Lair:4        Snake (4/4) Lair:3        Slime (0/5) Lair:5
    Orc: D:9-12

Altars:
Ashenzari
Cheibriados
Dithmenos
Elyvilon
Fedhas
Gozag
Hepliaklqana
Kikubaaqudgha
Makhleb
Nemelex Xobeh
Okawaru
Qazlal
Ru
Sif Muna
Trog
Uskayaw
Vehumet
Wu Jian
Xom
Yredelemnul
Zin
The Shining One

Shops:
Snake:1 (

Annotations:
D:10 1 transporter
Snake:2 Asterion


Innate Abilities, Weirdness & Mutations

You do not eat or drink.
Your flesh is vulnerable to fire.
You are immune to poison.
Your flesh is cold resistant. (rC+)
You are immune to negative energy. (rN+++)
You are immune to unholy pain and torment.
You can survive without breathing.
You are in touch with the powers of death.


Message History

The tomahawk of returning hits the merfolk!
You hear a splash.
The water elemental is engulfed in a cloud of scalding steam.
The water elemental hits your spectral merfolk siren!
Your ice beast is engulfed in a cloud of scalding steam.
The merfolk impaler hits you from afar with a trident of venom!
* * * LOW HITPOINT WARNING * * *
Your spectral merfolk siren is engulfed in blazing flames.
As you read the scroll of fog, it crumbles to dust.
The scroll dissolves into smoke.
The merfolk throws a stone.
The stone barely misses your spectral merfolk aquamancer.
The stone hits your spectral sea snake!
The merfolk impaler hits you from afar with a trident of venom!
* * * LOW HITPOINT WARNING * * *
Your spectral merfolk barely misses the merfolk.
Your ice beast misses the merfolk impaler.
The water elemental is engulfed in blazing flames.
You destroy the water elemental!
The merfolk hits you from afar with a glaive!
You die...

≈≈≈≈≈≈≈≈≈..≈≈≈≈≈Z≈≈Zm≈≈≈
≈≈≈≈≈≈≈≈≈...≈≈(≈m≈≈)≈≈≈ , ,,,,
≈≈≈≈≈≈≈≈≈≈).###.≈).≈)Z≈≈≈≈ ≈
≈≈ ≈≈≈≈≈≈≈≈≈≈≈..# #§E≈≈≈m(≈≈≈≈
≈ ≈≈
≈≈≈≈≈≈≈≈≈.%..###.ZZm≈≈≈≈≈≈≈ ≈
≈ ≈ ≈
≈≈≈≈≈)###...#.(Y≈≈≈≈≈≈≈≈≈≈ , ≈
≈≈≈≈≈..##.....Zmmt≈≈≈.≈≈≈ ,***
≈ ≈≈≈≈≈≈.<.....§§§≈≈≈≈≈...≈ ,
* ≈≈≈≈≈<....≈≈≈§@§§≈≈≈≈≈.≈≈,
≈≈≈≈≈≈≈≈..≈≈≈≈≈§§§§§≈≈..# ≈,
** ≈ ≈≈≈≈≈≈≈≈≈≈≈≈≈§§§§§≈≈..# ,
, ,, ≈≈≈≈≈≈≈≈≈≈≈≈≈§≈§≈≈≈≈≈....
,,, ,
≈≈≈≈≈≈≈≈≈≈≈≈≈≈≈≈≈≈≈≈≈≈...≈≈≈≈,
* ≈≈≈≈≈≈≈≈≈≈≈.≈≈≈≈≈≈≈≈≈≈≈≈≈≈≈
≈ ≈≈≈≈≈≈≈≈≈≈≈≈≈≈≈≈≈≈≈≈≈≈≈≈≈
≈,, ≈≈≈≈≈≈≈≈
≈≈≈≈≈≈≈≈≈≈≈≈≈≈≈≈≈≈ ≈≈ ≈≈ ≈≈≈
≈≈≈≈≈≈≈≈≈≈≈≈≈≈≈≈≈≈ ≈≈≈


You could see a merfolk impaler, a snapping turtle, 4 merfolk, a water
elemental, a friendly spectral sea snake, a friendly spectral merfolk, a
friendly spectral merfolk siren, a friendly spectral merfolk aquamancer and a
friendly ice beast.

Vanquished Creatures
  Frances (Snake:2)
  Gastronok (Lair:1)
  Roxanne (Snake:3)
  8 nagarajas
  A dire elephant (Lair:6)
  Azrael (Snake:3)
  Josephine (D:10)
  8 naga warriors
  5 hydras
  Fannar (Lair:1)
  A catoblepas (Lair:6)
  5 anacondas
  A merfolk aquamancer (Shoals:1)
  2 alligator snapping turtles (Shoals:1)
  10 death yaks
  3 two-headed ogres
  A merfolk avatar (Shoals:1)
  A deep troll shaman (Lair:6)
  A satyr (Shoals:1)
  9 naga sharpshooters
  2 shock serpents
  Nergalle (Lair:2)
  5 sea snakes
  5 naga ritualists
  2 harpies (Shoals:1)
  2 swamp dragons (Snake:3)
  Pikel (D:6)
  4 oklob plants
  7 mana vipers
  4 salamanders
  9 fauns (Shoals:1)
  6 merfolk sirens
  2 guardian serpents (Snake:3)
  28 black mambas
  2 elephants (Lair:6)
  18 naga magi
  5 spiny frogs
  2 torpor snails
  A centaur skeleton (D:11)
  A gargoyle (D:11)
  2 komodo dragons
  5 rime drakes (Lair:4)
  A troll (D:10)
  Grinder (D:6)
  3 merfolk
  2 wind drakes (Shoals:1)
  A polar bear (Lair:6)
  Prince Ribbit (Lair:2)
  2 snapping turtles (Shoals:1)
  9 hippogriffs
  12 blink frogs
  A slime creature (Snake:3)
  5 water elementals
  2 basilisks
  3 wraiths (D:11)
  A wyvern (D:8)
  23 yaks
  45 nagas
  2 vampire mosquitoes (Snake:3)
  A swamp worm (Snake:3)
  Edmund (D:6)
  9 water moccasins
  5 porcupines
  5 hell hounds
  3 orc warriors
  3 eyes of draining
  An ice beast (D:10)
  A sky beast (D:7)
  3 black bears
  4 centaurs
  11 wolves
  10 ogres
  A phantom (D:9)
  10 crocodiles
  7 big kobolds
  Blork the orc (D:5)
  6 bullfrogs
  A wyvern zombie (D:10)
  3 scorpions
  10 killer bees
  A wight (D:7)
  2 electric eels (Lair:4)
  3 howler monkeys
  2 centaur zombies
  3 crimson imps
  5 hounds
  2 jellies
  2 gnoll shamans (D:4)
  4 orc priests
  8 orc wizards
  2 bullfrog skeletons
  An iguana (D:8)
  3 worker ants
  A hound zombie (D:8)
  2 hound skeletons
  A howler monkey zombie (D:8)
  6 gnolls (D:4)
  3 worker ant zombies
  21 adders
  2 river rats
  A shadow imp (D:8)
  8 oozes
  2 adder skeletons (D:7)
  6 worms
  A dart slug (D:1)
  4 leopard geckos
  18 orcs
  4 giant cockroaches
  5 hobgoblins
  16 jackals
  4 quokkas
  6 ball pythons
  11 bats
  3 frilled lizards
  5 goblins
  A jackal skeleton (D:4)
  15 kobolds
  15 rats
  5 fungi
  11 plants
601 creatures vanquished.

Vanquished Creatures (collateral kills)
  A hydra (Lair:6)
  A naga warrior (Snake:4)
  An anaconda (Snake:4)
  A merfolk aquamancer (Shoals:2)
  An alligator (Shoals:1)
  2 naga sharpshooters
  2 shock serpents
  A sea snake (Shoals:1)
  A naga ritualist (Snake:2)
  A mana viper (Snake:2)
  A salamander (Snake:1)
  A manticore (Shoals:1)
  2 naga magi
  16 black mambas
  2 merfolk sirens
  2 spiny frogs
  A komodo dragon (Lair:6)
  2 merfolk
  A slime creature (Snake:3)
  3 blink frogs
  A snapping turtle (Shoals:1)
  2 water elementals
  5 yaks
  A basilisk (Lair:5)
  A fire elemental (Snake:3)
  A hungry ghost (D:8)
  A swamp worm (Snake:3)
  18 nagas
  A hell hound (Snake:3)
  4 water moccasins
  3 porcupines
  A black bear (Lair:2)
  An ogre (D:6)
  5 wolves (Lair:6)
  A crocodile (Lair:2)
  A jelly (D:6)
  A bullfrog skeleton (D:4)
  2 worker ants
  3 adders (Lair:3)
  3 gnolls (D:4)
  A shadow imp (D:3)
  An ooze (D:7)
  A worm (D:3)
  An orc (D:3)
  A ball python (D:4)
  A goblin (D:1)
  2 jackals
  A kobold (D:1)
  A quokka (D:2)
  2 bats
  3 frilled lizards
  2 gnoll zombies (D:6)
  A rat (D:1)
  3 fungi
  7 plants
127 creatures vanquished.

Vanquished Creatures (others)
  A black bear (D:6)
  3 slaves (D:6)
  A crimson imp (D:7)
  9 fungi
  15 plants
29 creatures vanquished.

Grand Total: 757 creatures vanquished

Notes
Turn   | Place    | Note
-------+----------+-------------------------------------------
     0 | D:1      | Ikesh the Mummy Necromancer began the quest for the Orb.
     0 | D:1      | Reached XP level 1. HP: 13/13 MP: 4/4
    65 | D:1      | Learned a level 1 spell: Animate Skeleton
   254 | D:1      | Reached XP level 2. HP: 14/19 MP: 1/5
   560 | D:1      | Reached skill level 3 in Spellcasting
  1139 | D:2      | Found a shimmering altar of Xom.
  1139 | D:2      | Noticed an angel
  1470 | D:2      | Found a glowing silver altar of Zin.
  1839 | D:2      | Found an opulent altar of Gozag.
  2062 | D:1      | Reached XP level 3. HP: 15/24 MP: 2/7
  2168 | D:1      | Learned a level 3 spell: Vampiric Draining
  3298 | D:3      | Reached XP level 4. HP: 30/30 MP: 4/9
  3390 | D:3      | Found a glowing drain.
  3575 | Sewer    | Entered a sewer
  3872 | Sewer    | Reached skill level 4 in Spellcasting
  3955 | Sewer    | Noticed a big kobold
  3968 | Sewer    | Killed a big kobold
  3968 | Sewer    | Reached skill level 5 in Necromancy
  3968 | Sewer    | Reached XP level 5. HP: 36/36 MP: 4/12
  3975 | Sewer    | Learned a level 5 spell: Borgnjor's Vile Clutch
  4121 | Sewer    | Reached skill level 5 in Spellcasting
  4542 | Sewer    | Reached XP level 6. HP: 42/42 MP: 9/14
  4895 | Sewer    | Reached skill level 1 in Fighting
  4991 | Sewer    | Reached skill level 6 in Spellcasting
  5169 | D:3      | Reached XP level 7. HP: 48/48 MP: 16/16
  5555 | D:3      | Found a hazy altar of Hepliaklqana.
  6128 | D:4      | Got a polished dagger
  6131 | D:4      | Identified the +5 dagger of Fatigue {pierce, rElec} (You found it on level 4 of the Dungeon)
  6159 | D:4      | Got a twisted dagger
  6160 | D:4      | Identified the cursed +0 dagger "Leviticus" {pierce, Int+3} (You found it on level 4 of the Dungeon)
  6582 | D:4      | Found an ancient bone altar of Kikubaaqudgha.
  6625 | D:4      | Found a staircase to the Ecumenical Temple.
  6778 | Temple   | Entered the Ecumenical Temple
  6948 | Temple   | Became a worshipper of Ashenzari the Shackled
  7039 | D:4      | Reached skill level 7 in Spellcasting
  7111 | D:4      | Found a shadowy altar of Dithmenos.
  7539 | D:4      | Reached skill level 8 in Spellcasting
  7539 | D:4      | Reached XP level 8. HP: 20/54 MP: 1/20
  8138 | D:5      | Entered Level 5 of the Dungeon
  8266 | D:5      | Found a white marble altar of Elyvilon.
  8296 | D:5      | Reached * piety under Ashenzari
  9430 | D:6      | Found a basalt altar of Yredelemnul.
  9754 | D:6      | Noticed Edmund
 10246 | D:5      | Reached skill level 9 in Spellcasting
 10472 | D:5      | Found a radiant altar of Vehumet.
 10626 | D:6      | Found a hazy altar of Hepliaklqana.
 10628 | D:6      | Found a radiant altar of Vehumet.
 10628 | D:6      | Found a hide-covered altar of Uskayaw.
 10629 | D:6      | Noticed Blork the orc
 10654 | D:5      | Killed Blork the orc
 10736 | D:6      | Found a shimmering altar of Xom.
 10736 | D:6      | Found a white marble altar of Elyvilon.
 10736 | D:6      | Found a glowing golden altar of the Shining One.
 10787 | D:6      | Found an ornate altar of the Wu Jian Council.
 10787 | D:6      | Found a stormy altar of Qazlal.
 10880 | D:6      | Noticed Grinder
 10881 | D:6      | Paralysed by Grinder for 2 turns
 10938 | D:6      | Noticed Pikel
 10945 | D:6      | Killed Pikel
 10945 | D:6      | Reached XP level 9. HP: 40/61 MP: 3/22
 10955 | D:6      | Killed Edmund
 11308 | D:7      | Reached skill level 10 in Spellcasting
 11522 | D:6      | Killed Grinder
 12600 | D:7      | Reached skill level 11 in Spellcasting
 12712 | D:7      | Found a glowing golden altar of the Shining One.
 12767 | D:7      | Learned a level 2 spell: Throw Flame
 12771 | D:7      | Learned a level 3 spell: Conjure Flame
 13010 | D:8      | Reached skill level 10 in Necromancy
 13111 | D:8      | Reached ** piety under Ashenzari
 13218 | D:8      | Noticed a two-headed ogre
 13231 | D:8      | Killed a two-headed ogre
 13231 | D:8      | Reached skill level 1 in Fire Magic
 13231 | D:8      | Reached XP level 10. HP: 23/67 MP: 8/25
 13713 | D:8      | Noticed a two-headed ogre
 13802 | D:7      | Killed a two-headed ogre
 13802 | D:7      | Reached skill level 12 in Spellcasting
 14683 | D:8      | Found a blossoming altar of Fedhas.
 16071 | D:9      | Reached *** piety under Ashenzari
 16486 | D:10     | Entered Level 10 of the Dungeon
 16536 | D:10     | Noticed a two-headed ogre
 16619 | D:9      | Killed a two-headed ogre
 16772 | D:9      | Learned a level 5 spell: Fireball
 16908 | D:10     | Identified a +2 pair of boots of running (You found it on level 10 of the Dungeon)
 17073 | D:10     | Found a bloodstained altar of Trog.
 17239 | D:10     | Found a transporter.
 17240 | D:10     | Identified the +3 hand axe "Wutz" {pain, +Blink MP+9 SInv}
 17297 | D:10     | Reached skill level 1 in Earth Magic
 17807 | D:11     | Reached XP level 11. HP: 46/73 MP: 0/27
 18634 | D:11     | Noticed Josephine
 18662 | D:11     | Reached skill level 13 in Spellcasting
 18740 | D:10     | Killed Josephine
 18740 | D:10     | Reached skill level 1 in Evocations
 19768 | D:11     | Found a staircase to the Lair.
 20052 | D:11     | Reached skill level 1 in Conjurations
 20320 | Lair:1   | Entered Level 1 of the Lair of Beasts
 20322 | Lair:1   | Reached **** piety under Ashenzari
 20610 | Lair:1   | Noticed an oklob plant
 20611 | Lair:1   | Noticed an oklob plant
 20618 | Lair:1   | Killed an oklob plant
 20618 | Lair:1   | Killed an oklob plant
 20904 | Lair:1   | Noticed Gastronok
 20932 | Lair:1   | Killed Gastronok
 20932 | Lair:1   | Reached skill level 14 in Spellcasting
 20932 | Lair:1   | Reached skill level 5 in Fire Magic
 21237 | Lair:1   | Noticed Fannar
 21242 | Lair:1   | Killed Fannar
 21242 | Lair:1   | Reached XP level 12. HP: 80/80 MP: 7/30
 22282 | Lair:2   | Noticed a seven-headed hydra
 22286 | Lair:2   | Killed a seven-headed hydra
 23024 | Lair:2   | Noticed Nergalle
 23036 | Lair:2   | Noticed a death yak
 23191 | Lair:2   | Killed Nergalle
 23472 | Lair:2   | Reached skill level 15 in Spellcasting
 23475 | Lair:2   | Noticed Prince Ribbit
 23625 | Lair:2   | Killed a death yak
 23975 | Lair:2   | Killed Prince Ribbit
 24346 | Lair:3   | Identified the +5 long sword of the Scorpion {drain, Str+2}
 25105 | Lair:3   | Learned a level 2 spell: Blink
 25108 | Lair:3   | Learned a level 2 spell: Shroud of Golubria
 25436 | Lair:3   | Found a staircase to the Snake Pit.
 25883 | Lair:4   | Reached ***** piety under Ashenzari
 26009 | Lair:3   | Gained mutation: You are in touch with the powers of death. [Mummy growth]
 26009 | Lair:3   | Reached XP level 13. HP: 85/85 MP: 23/32
 26374 | Lair:4   | Learned a level 4 spell: Cause Fear
 26646 | Lair:4   | Found a staircase to the Shoals.
 26791 | Lair:4   | Learned a level 4 spell: Summon Ice Beast
 27060 | Snake:1  | Entered Level 1 of the Snake Pit
 27104 | Snake:1  | Reached skill level 5 in Earth Magic
 27259 | Snake:1  | Reached skill level 16 in Spellcasting
 27436 | Snake:1  | Found Yzypp's Weapon Emporium.
 27505 | Snake:1  | Reached skill level 1 in Translocations
 27795 | Snake:1  | Found a deep blue altar of Sif Muna.
 28657 | Snake:1  | Reached skill level 1 in Charms
 29257 | Snake:1  | Learned a level 3 spell: Mephitic Cloud
 29819 | Snake:1  | Learned a level 7 spell: Ring of Flames
 30029 | Snake:2  | Noticed Frances
 30032 | Snake:2  | Reached XP level 14. HP: 91/91 MP: 17/34
 30210 | Snake:2  | Killed Frances
 30722 | Snake:2  | Reached skill level 17 in Spellcasting
 30869 | Snake:2  | Noticed a nagaraja
 30874 | Snake:2  | Killed a nagaraja
 31548 | Snake:2  | Noticed Asterion
 31694 | Snake:2  | Reached skill level 1 in Ice Magic
 31902 | Snake:3  | Reached skill level 1 in Summonings
 32747 | Snake:3  | Identified the +1 rapier of Checks and Balances {flame, rC- Dex+8}
 33421 | Snake:3  | Noticed a nagaraja
 33428 | Snake:3  | Killed a nagaraja
 33857 | Snake:3  | Noticed Azrael
 34207 | Snake:3  | Killed Azrael
 34523 | Snake:3  | Noticed Roxanne
 34693 | Snake:3  | Killed Roxanne
 34693 | Snake:3  | Reached XP level 15. HP: 82/97 MP: 22/36
 34760 | Snake:3  | Learned a level 6 spell: Iron Shot
 35057 | Snake:3  | Identified the +9 short sword of the Badger {elec, *Drain rF+ Int+5}
 35138 | Snake:4  | Entered Level 4 of the Snake Pit
 35212 | Snake:4  | Noticed a nagaraja
 35219 | Snake:4  | Killed a nagaraja
 35229 | Snake:4  | Reached skill level 18 in Spellcasting
 35716 | Snake:4  | Noticed a nagaraja
 35720 | Snake:4  | Killed a nagaraja
 35738 | Snake:4  | Noticed a nagaraja
 35743 | Snake:4  | Killed a nagaraja
 36240 | Snake:4  | Noticed a nagaraja
 36245 | Snake:4  | Killed a nagaraja
 36249 | Snake:4  | Noticed a nagaraja
 36568 | Snake:4  | Killed a nagaraja
 36669 | Snake:4  | Noticed a nagaraja
 36674 | Snake:4  | Killed a nagaraja
 36970 | Snake:4  | Got a serpentine rune of Zot
 37361 | Snake:3  | Learned a level 5 spell: Summon Mana Viper
 37566 | Lair:5   | Found a staircase to the Slime Pits.
 38262 | Lair:6   | Entered Level 6 of the Lair of Beasts
 38990 | Lair:6   | Reached skill level 19 in Spellcasting
 38991 | Lair:6   | Reached skill level 15 in Necromancy
 38991 | Lair:6   | Reached XP level 16. HP: 101/103 MP: 12/39
 39284 | Lair:6   | Identified the ring "Xoyt" {+Fly rPois}
 39474 | Shoals:1 | Entered Level 1 of the Shoals
 40218 | Shoals:1 | Reached skill level 10 in Fire Magic
 40420 | Shoals:1 | Reached skill level 1 in Shields
 41559 | Shoals:1 | Learned a level 6 spell: Death Channel
 41653 | Shoals:2 | HP: 5/103 [merfolk impaler/trident of venom (15)]
 41653 | Shoals:2 | Slain by a merfolk

Skill      XL: |  1  2  3  4  5  6  7  8  9 10 11 12 13 14 15 16 |
---------------+-------------------------------------------------+-----
Spellcasting   | 3 4 5 6 8 9 11 12 14 15 16 17 19 | 19.4
Necromancy     | 5 6 7 8 10 11 12 13 14 15 | 15.3
Dodging        | 2 3 4 |  4.4
Fighting       | 1 2 |  2.9
Stealth        | 2 3 |  3.8
Fire Magic     | 1 3 5 6 7 8 9 10 | 10.2
Earth Magic    | 1 2 4 6 7 8 |  8.2
Evocations     | 1 |  1.6
Conjurations   | 1 2 3 |  3.3
Translocations | 2 3 |  3.7
Charms         | 1 2 3 |  3.8
Ice Magic      | 1 2 |  2.3
Summonings     | 1 2 |  2.5
Shields        | 1 |  1.0

Action                   |  1- 3 |  4- 6 |  7- 9 | 10-12 | 13-15 | 16-18 || total
-------------------------+-------+-------+-------+-------+-------+-------++-------
Melee: Unarmed           |    13 |       |       |       |       |       ||    13
       Dagger            |    66 |       |   155 |   108 |    39 |       ||   368
       Rapier            |     8 |    40 |    12 |       |       |       ||    60
       Short sword       |       |       |       |       |     4 |     4 ||     8
 Cast: Pain              |    60 |    75 |   192 |   125 |    15 |       ||   467
       Animate Skeleton  |    18 |    12 |    43 |    60 |   115 |    29 ||   277
       Vampiric Draining |     7 |     2 |    58 |    58 |     2 |       ||   127
       Throw Flame       |       |       |       |    83 |       |       ||    83
       Borgnjor's Vile C |       |       |       |    95 |   216 |    47 ||   358
       Conjure Flame     |       |       |       |    11 |       |       ||    11
       Fireball          |       |       |       |    49 |    78 |    17 ||   144
       Shroud of Golubri |       |       |       |     5 |   134 |    23 ||   162
       Summon Ice Beast  |       |       |       |       |    71 |    16 ||    87
       Blink             |       |       |       |       |     3 |       ||     3
       Iron Shot         |       |       |       |       |     7 |     2 ||     9
       Ring of Flames    |       |       |       |       |       |     5 ||     5
       Mephitic Cloud    |       |       |       |       |       |     1 ||     1
       Death Channel     |       |       |       |       |       |     1 ||     1
Invok: Curse Item        |       |       |     4 |       |     2 |       ||     6
Evoke: Wand              |       |       |    17 |    26 |     7 |     1 ||    51
  Use: Scroll            |       |     5 |    11 |     5 |     8 |     2 ||    31
 Stab: Sleeping          |     3 |       |     4 |     7 |     1 |       ||    15
       Distracted        |     2 |       |       |       |       |     1 ||     3
Armor: Robe              |    27 |     5 |    78 |    81 |    47 |    17 ||   255
       Ring mail         |     1 |       |       |       |       |       ||     1
Dodge: Dodged            |   112 |    43 |   188 |   162 |    87 |    27 ||   619
Block: Other             |       |       |    11 |       |       |       ||    11
       Reflection        |       |       |     6 |     3 |     7 |     6 ||    22
       Buckler           |       |       |    23 |    70 |    34 |    10 ||   137
